 Dungeon Crawl Stone Soup version 0.31.0-11-ge490571c62 (webtiles) character file.

Game seed: 1388974214326232818

30738 Esekla the Thaumaturge (level 13, 0/68 HPs)
             Began as a Vine Stalker Warper on Jan 30, 2024.
             Was an Elder of Vehumet.
             Slain by a dire elephant (9 damage)
             ... on level 5 of the Lair of Beasts on Jan 31, 2024.
             The game lasted 02:33:10 (17281 turns).

Esekla the Thaumaturge (Vine Stalker Warper)       Turns: 17281, Time: 02:33:11

Health: 0/68       AC: 23    Str: 14    XL:     13   Next: 53%
Magic:  0/31       EV: 13    Int: 23    God:    Vehumet [****..]
Gold:   832        SH:  0    Dex: 15    Spells: 12/39 levels left

rFire   + . .        g - +1 dagger (protect)
rCold   . . .        (no shield)
rNeg    . . .        H - +3 leather armour {rF+}
rPois   +            z - +2 helmet
rElec   .            (no cloak)
rCorr   .            E - +2 pair of gloves
SInv    .            A - +3 pair of seven-league boots {Rampage+∞}
Will    +....        m - amulet of the acrobat
Stlth   ++           J - ring of poison resistance
HPRegen 1.11/turn    o - +6 ring of intelligence
MPRegen 0.22/turn

%: acrobat, guardian spirit, rampage+∞
@: about to teleport, under a protective aura
A: fangs 3, regeneration 1, magic shield, antimagic bite, no potion heal 2
a: Renounce Religion


You were on level 5 of the Lair of Beasts.
You worshipped Vehumet.
Vehumet was greatly pleased with you.
You visited 3 branches of the dungeon, and saw 18 of its levels.
You also visited: Volcano.

You collected 832 gold pieces.

Inventory:

Hand Weapons
 a - a +4 scimitar
 g - a +1 dagger of protection (weapon)
 r - a +4 trident of flaming
 s - a +2 dagger of flaming
 B - a +2 falchion
Missiles
 d - 5 darts of dispersal
 p - 5 javelins
 u - 10 curare-tipped darts
 v - 39 poisoned darts
 F - 8 boomerangs (quivered)
Armour
 z - a +2 helmet (worn)
 A - the +3 pair of seven-league boots (worn) {Rampage+∞}
   (You acquired it on level 12 of the Dungeon)

   Rampage+∞: When moving toward enemies, its wearer moves as far as possible,
   alerting their target en route.
 E - a +2 pair of gloves (worn)
 G - a +1 robe of willpower
 H - a +3 leather armour of fire resistance (worn)
Jewellery
 m - an amulet of the acrobat (around neck)
 o - a +6 ring of intelligence (right hand)
 q - a ring of magical power
 C - a ring of see invisible
 D - a ring of ice
 J - a ring of poison resistance (left hand)
Wands
 y - a wand of flame (38)
Scrolls
 e - 3 scrolls of silence
 j - a scroll of enchant armour
 t - a scroll of poison
 O - a scroll of enchant weapon
Potions
 c - 3 potions of magic {unknown}
 h - 3 potions of cancellation
 i - 5 potions of curing
 k - 2 potions of resistance
 l - a potion of brilliance
 I - 3 potions of attraction
 K - a potion of lignification
 L - a potion of invisibility
 M - 2 potions of mutation {unknown}
 N - 2 potions of might {unknown}


   Skills:
 * Level 8.1 Fighting
 + Level 4.4(4.9) Short Blades
 + Level 3.1(4.2) Long Blades
 + Level 2.6 Throwing
 * Level 3.6 Armour
 + Level 4.7 Dodging
 + Level 3.5 Stealth
 * Level 13.8 Spellcasting
 + Level 4.3 Conjurations
 + Level 3.7 Necromancy
 + Level 3.8 Translocations
 + Level 7.8 Fire Magic
 * Level 6.2 Air Magic
 + Level 4.5 Alchemy
 + Level 0.1 Evocations


You had 12 spell levels left.
You knew the following spells:

 Your Spells              Type           Power      Damage    Failure   Level
b - Blink                 Tloc           66%        N/A       1%          2
f - Flame Wave            Conj/Fire      43%        2d11      1%          4
i - Iskenderun's Mystic   Conj/Tloc      34%        2d8       2%          4
k - Airstrike             Air            22%        2d(4-20)  1%          4
o - Scorch                Fire           100%       2d9       1%          2
u - Dispel Undead         Necr           33%        3d14      10%         4
w - Fugue of the Fallen   Necr           33%        N/A       3%          3
x - Olgreb's Toxic Radia  Alch           36%        N/A       2%          4

Your spell library contained the following spells:

 Spells                   Type           Power      Damage    Failure   Level
 Bombard                  Conj/Erth      12%        9d3       56%         6
 Kiss of Death            Conj/Necr      100%       2d13      1%          1
 Magic Dart               Conj           100%       1d8       1%          1
 Shock                    Conj/Air       100%       1d9       1%          1
 Lesser Beckoning         Tloc           66%        N/A       1%          2
 Dazzling Flash           Conj/Hex       50%        N/A       1%          3
 Stone Arrow              Conj/Erth      50%        3d10      1%          3
 Swiftness                Air            44%        N/A       1%          3
 Volatile Blastmotes      Fire/Tloc      84%        2d17      1%          3
 Fulminant Prism          Conj/Alch      18%        3d10      2%          4
 Gell's Gravitas          Tloc           33%        N/A       3%          3
 Teleport Other           Tloc           33%        N/A       3%          3
 Vhi's Electric Charge    Tloc/Air       78%        N/A       6%          4
 Ensorcelled Hibernation  Hex/Ice        30%        N/A       7%          2
 Manifold Assault         Tloc           33%        N/A       10%         4
 Passage of Golubria      Tloc           33%        N/A       10%         4
 Confusing Touch          Hex            15%        N/A       14%         3
 Starburst                Conj/Fire      21%        6d7       16%         6
 Anguish                  Hex/Necr       12%        N/A       22%         4
 Animate Armour           Summ/Erth      30%        N/A       43%         4
 Dispersal                Tloc           16%        N/A       83%         6
 Maxwell's Capacitive Co  Air            22%        ∞         99%         8
 Summon Cactus Giant      Summ           7%         N/A       100%        6
 Lehudib's Crystal Spear  Conj/Erth      12%        10d4      100%        8
 Chain Lightning          Conj/Air       20%        3d26      100%        9
 Fire Storm               Conj/Fire      21%        8d6       100%        9
 Shatter                  Erth           7%         3d10*     100%        9


Dungeon Overview and Level Annotations

Branches:
Dungeon (12/15)            Temple (1/1) D:6            Lair (5/5) D:11
 Shoals (0/4) Lair:2        Snake (0/4) Lair:2        Slime (0/5) Lair:4
Volcano (visited)
    Orc: D:9-12

Altars:
Ashenzari
Cheibriados
Dithmenos
Elyvilon
Fedhas
Gozag
Hepliaklqana
Kikubaaqudgha
Makhleb
Nemelex Xobeh
Okawaru
Qazlal
Ru
Sif Muna
Trog
Uskayaw
Vehumet
Wu Jian
Xom
Yredelemnul
Zin

Shops:
D:5 (   D:7 (

Annotations:
D:1 dig 4 potions
D:5 Dowan, Duvessa
D:11 3 runed translucent doors, CougarLife's ghost, journeyman MiFi
Lair:2 Gastronok


Innate Abilities, Weirdness & Mutations

You have razor-sharp teeth.
Your natural rate of healing is unusually fast.
When hurt, damage is shared between your health and your magic reserves.
Your bite disrupts and absorbs the magic of your enemies.
Potions cannot restore your health.


Message History

You drain its power.
You feel invigorated.
The manticore is severely wounded.
The dire elephant looks as sick as possible!
Your toxic aura wanes.
The manticore bites you. The manticore barely misses you.
The manticore claws you but does no damage.
The dire elephant tramples you but does no damage.
The dire elephant trunk-slaps you.
You hit the manticore. You bite the manticore. You drain its power.
You feel invigorated.
The manticore is almost dead.
The manticore bites you!
The manticore claws you but does no damage. x2
The dire elephant tramples you!
You stumble backwards!
You hit the dire elephant but do no damage.
The dire elephant is lightly wounded.
You barely miss the manticore.
The manticore is almost dead.
You kill the manticore!
Vehumet accepts your kill.
You feel your power returning. The dire elephant tramples you!
* * * LOW HITPOINT WARNING * * *
You stumble backwards!
Okay, then.
Okay, then.
Unknown command.
You hit the dire elephant. You bite the dire elephant. You drain its power.
You feel invigorated.
The dire elephant is moderately wounded.
The dire elephant misses you. The dire elephant trunk-slaps you.
* * * LOW HITPOINT WARNING * * *
You hit the dire elephant.
You bite the dire elephant, but do no damage.
The dire elephant is moderately wounded.
The dire elephant tramples you!
* * * LOW HITPOINT WARNING * * *
You stumble backwards!
As you read the scroll of teleportation, it crumbles to dust.
You feel strangely unstable. The dire elephant tramples you!!
You die...

..........................
...........†<.....^.......
..........................
.........######...........
.........########.........
.......#...#.##.##........
........#.......##........
.....##...#.#....##.......
.....##.........@# ##.....
... #.....#....Y## .....
.. #.....###...P# ....
#.....#####.†## ...
#P....#...#...# ...
#######...#...# #...#†..#
# #.#.#..## ....#..H..P#


You could see a dire elephant (very poisoned).

Vanquished Creatures
  Snorg (D:12)
  2 hydras
  A boulder beetle (Lair:4)
  A two-headed ogre (D:8)
  A hell knight (Volcano)
  Amaemon (Lair:2)
  A salamander mystic (Volcano)
  A lindwurm (Lair:5)
  A harpy (Lair:2)
  2 manticores
  A cyclops (D:12)
  6 salamanders (Volcano)
  5 elephants
  6 black mambas
  A guardian serpent (Lair:2)
  An orange demon (Lair:2)
  10 cane toads
  A kobold demonologist (D:11)
  A rime drake (Lair:3)
  8 komodo dragons
  A hornet (D:7)
  6 blink frogs
  A wraith (D:11)
  2 wyverns
  26 yaks
  4 basilisks
  5 vampire mosquitoes
  A steam dragon (D:8)
  5 water moccasins
  5 black bears
  5 orc warriors
  3 sky beasts
  4 centaurs
  8 wolves
  A phantom (D:7)
  3 kobold brigands
  11 bullfrogs
  Blork the orc (D:5)
  3 scorpions
  5 wights (D:5)
  6 killer bees
  2 howler monkeys
  2 electric eels
  3 bombardier beetles
  3 hounds
  A gnoll bouda (D:5)
  5 orc priests
  A sleepcap (D:7)
  3 iguanas
  8 orc wizards
  4 gnolls
  7 adders
  12 white imps (D:12)
  2 ufetubi (D:7)
  A ribbon worm (D:2)
  3 dart slugs
  26 orcs
  4 endoplasms
  A giant cockroach (D:4)
  6 goblins
  10 hobgoblins
  10 jackals
  2 quokkas
  9 ball pythons
  5 bats (D:1)
  A frilled lizard (D:1)
  25 kobolds
  4 rats
318 creatures vanquished.

Vanquished Creatures (others)
  A steam dragon (D:8)
1 creature vanquished.

Grand Total: 319 creatures vanquished

Notes
Turn   | Place    | Note
-------+----------+-------------------------------------------
     0 | D:1      | Esekla the Vine Stalker Warper began the quest for the Orb.
     0 | D:1      | Reached XP level 1. HP: 11/11 MP: 4/4
   190 | D:1      | Reached XP level 2. HP: 15/15 MP: 6/6
   412 | D:2      | Learned a level 2 spell: Blink
   455 | D:1      | Reached XP level 3. HP: 18/18 MP: 4/7
  1032 | D:3      | Reached skill level 1 in Short Blades
  1149 | D:4      | Reached XP level 4. HP: 23/23 MP: 8/8
  1153 | D:4      | Found a stormy altar of Qazlal.
  1153 | D:4      | Found a radiant altar of Vehumet.
  1154 | D:4      | Found an ornate altar of the Wu Jian Council.
  1164 | D:4      | Became a worshipper of Vehumet
  2197 | D:3      | Found a snail-covered altar of Cheibriados.
  2401 | D:3      | Found a hide-covered altar of Uskayaw.
  2603 | D:4      | Got the Compilation of the Red Blink Frog
  2609 | D:4      | Learned a level 2 spell: Scorch
  2889 | D:4      | Reached XP level 5. HP: 27/28 MP: 9/9
  3174 | D:5      | Entered Level 5 of the Dungeon
  3185 | D:5      | Reached skill level 1 in Stealth
  3328 | D:5      | Noticed Blork the orc
  3347 | D:5      | Found Qofaer's Weapon Boutique.
  3486 | D:5      | Killed Blork the orc
  3487 | D:5      | Reached skill level 1 in Fire Magic
  3602 | D:5      | Noticed Dowan
  3603 | D:5      | Noticed Duvessa
  3819 | D:5      | Reached skill level 3 in Spellcasting
  3819 | D:5      | Reached XP level 6. HP: 31/32 MP: 9/11
  3865 | D:5      | Noticed a black bear
  3987 | D:5      | Learned a level 3 spell: Fugue of the Fallen
  3997 | D:5      | Killed a black bear
  4212 | D:6      | Reached XP level 7. HP: 36/36 MP: 9/13
  4251 | D:6      | Reached * piety under Vehumet
  4251 | D:6      | Offered knowledge of Magic Dart by Vehumet.
  4273 | D:5      | Reached skill level 1 in Necromancy
  4666 | D:5      | Reached skill level 4 in Spellcasting
  5259 | D:5      | Gained mutation: You have razor-sharp teeth. [Vine Stalker
                  | growth]
  5259 | D:5      | Reached XP level 8. HP: 40/42 MP: 4/16
  5454 | D:5      | Reached skill level 5 in Spellcasting
  5708 | D:5      | Learned a level 1 spell: Magic Dart
  5941 | D:6      | Found a blossoming altar of Fedhas.
  5941 | D:6      | Found a shimmering blue altar of Sif Muna.
  5948 | D:6      | Found an iron altar of Okawaru.
  6015 | D:6      | Found a staircase to the Ecumenical Temple.
  6025 | Temple   | Entered the Ecumenical Temple
  6595 | D:6      | Reached skill level 6 in Spellcasting
  6653 | D:6      | Offered knowledge of Sting by Vehumet.
  6660 | D:6      | Reached ** piety under Vehumet
  6803 | D:7      | Reached skill level 1 in Conjurations
  6955 | D:7      | Reached XP level 9. HP: 45/45 MP: 6/19
  7077 | D:7      | Noticed a hornet
  7113 | D:7      | Found Cotifaos's Antique Weapon Emporium.
  7267 | D:7      | Killed a hornet
  7268 | D:7      | Reached skill level 1 in Throwing
  7268 | D:7      | Reached skill level 7 in Spellcasting
  7430 | D:7      | Found a bloodstained altar of Trog.
  7557 | D:7      | Learned a level 4 spell: Vhi's Electric Charge
  7748 | D:8      | Found a shadowy altar of Dithmenos.
  7820 | D:8      | Offered knowledge of Momentum Strike by Vehumet.
  8200 | D:8      | Reached skill level 1 in Air Magic
  8788 | D:8      | Noticed a two-headed ogre
  9087 | D:8      | Reached skill level 8 in Spellcasting
  9339 | D:8      | Killed a two-headed ogre
  9340 | D:8      | Reached skill level 5 in Fire Magic
  9340 | D:8      | Reached XP level 10. HP: 51/51 MP: 23/23
  9393 | D:8      | Identified the +5 scale mail of Conscience {rCorr}
  9663 | D:8      | Reached *** piety under Vehumet
  9726 | D:9      | Reached skill level 5 in Fighting
  9726 | D:9      | Noticed a two-headed ogre
  9857 | D:9      | You fall into a shaft and drop 3 floors!
  9903 | D:12     | Noticed a cyclops
  9918 | D:12     | Reached skill level 9 in Spellcasting
  9946 | D:12     | Killed a cyclops
  9955 | D:12     | Noticed Snorg
  9974 | D:12     | Identified 2 scrolls of acquirement
  9974 | D:12     | Acquired the +3 pair of seven-league boots {Rampage+∞}
  9974 | D:12     | Found the +3 pair of seven-league boots {Rampage+∞}
  9979 | D:11     | Found a runed translucent gate.
  9979 | D:11     | Found a runed translucent gate.
  9979 | D:11     | Found a runed translucent gate.
  9985 | D:11     | Noticed CougarLife's ghost (journeyman MiFi)
 10017 | D:11     | Found a staircase to the Lair.
 10057 | D:11     | Noticed a kobold demonologist
 10087 | D:11     | Offered knowledge of Olgreb's Toxic Radiance by Vehumet.
 10090 | D:11     | Noticed an orange demon
 10102 | D:11     | Killed a kobold demonologist
 10256 | D:10     | Entered Level 10 of the Dungeon
 10444 | D:11     | Noticed a kobold demonologist
 10486 | D:11     | Learned a level 4 spell: Olgreb's Toxic Radiance
 10491 | D:11     | Learned a level 4 spell: Iskenderun's Mystic Blast
 10524 | D:12     | Noticed a manticore
 10540 | D:12     | Killed a manticore
 10605 | D:12     | Reached **** piety under Vehumet
 10618 | D:12     | Learned a level 4 spell: Airstrike
 10623 | D:12     | Learned a level 4 spell: Flame Wave
 10746 | D:12     | Killed Snorg
 10747 | D:12     | Reached skill level 10 in Spellcasting
 10747 | D:12     | Reached skill level 1 in Alchemy
 10747 | D:12     | Reached XP level 11. HP: 56/56 MP: 20/26
 10878 | Lair:1   | Entered Level 1 of the Lair of Beasts
 11028 | Lair:1   | Offered knowledge of Brom's Barrelling Boulder by Vehumet.
 12099 | Lair:1   | Reached skill level 11 in Spellcasting
 12340 | Lair:2   | Found a dark tunnel.
 12362 | Volcano  | Entered a volcano
 12368 | Volcano  | Noticed a salamander
 12379 | Volcano  | Killed a salamander
 12380 | Volcano  | Reached skill level 1 in Armour
 12406 | Volcano  | Noticed a salamander
 12424 | Volcano  | Noticed a salamander mystic
 12434 | Volcano  | Killed a salamander
 12443 | Volcano  | Killed a salamander mystic
 12444 | Volcano  | Reached XP level 12. HP: 27/62 MP: 11/28
 12566 | Volcano  | Found a radiant altar of Vehumet.
 12728 | Volcano  | Acquired a book of Annihilations
 12737 | Volcano  | Learned a level 4 spell: Dispel Undead
 12755 | Volcano  | Noticed a hell knight
 12784 | Volcano  | HP: 2/62 [hell knight/+1 halberd of flaming (2)]
 12821 | Volcano  | Killed a hell knight
 12825 | Volcano  | Reached skill level 5 in Air Magic
 13214 | Lair:2   | Reached skill level 12 in Spellcasting
 13508 | Lair:2   | Found a staircase to the Shoals.
 14272 | Lair:2   | Noticed Gastronok
 14396 | Lair:2   | Found a staircase to the Snake Pit.
 14507 | Lair:2   | Noticed Amaemon
 14532 | Lair:2   | Killed Amaemon
 14695 | Lair:3   | Reached skill level 13 in Spellcasting
 14931 | Lair:3   | Noticed a catoblepas
 15190 | Lair:3   | Reached XP level 13. HP: 34/68 MP: 28/31
 15705 | Lair:4   | Found a staircase to the Slime Pits.
 16258 | Lair:4   | Reached ***** piety under Vehumet
 16400 | Lair:4   | Offered knowledge of Bombard by Vehumet.
 16956 | Lair:5   | Entered Level 5 of the Lair of Beasts
 17253 | Lair:5   | Noticed a dire elephant
 17281 | Lair:5   | Slain by a dire elephant

Illustrated notes

Levels and vault maps discovered:
D:1:      lightli_arrival_farm, layout_basic
D:2:      layout_loops_ring
D:3:      layout_loops_cross, nicolae_uskayaw_suspiria, kennysheep_slug_shrine,
          grunt_decor_fettered
D:4:      layout_basic, chequers_temple_overflow_statue_of_worship,
          item_on_display_a
D:5:      nicolae_cairo_tiling_very_big, layout_basic, serial_shops, shop,
          uniq_duvessa, uniq_blork_the_orc
D:6:      layout_basic, grunt_temple_overflow_diamond, temple_hall
D:7:      layout_basic, trog_hazing_becter, serial_shops, shop,
          grunt_ministairs_1, chequers_serial_rivers_micro_b,
          nicolae_twisty_statue_hallways
D:8:      layout_rooms, nicolae_dithmenos_shadow_blocks,
          serial_co_window_serial, co_window_paths_b, co_window_paths_a,
          co_window_corner_a, co_window_cross_1, co_window_corner_a,
          co_window_paths_a, co_window_paths_a, co_window_paths_c,
          co_window_corner_b, co_window_of_opportunity_b, co_window_cross_4,
          co_window_paths_e, glass_columns_c, glass_columns_a, glass_columns_a,
          glass_columns_c, kennysheep_cross_bottleneck
D:9:      layout_loops_ring, roderic_cross_of_infinity
D:10:     layout_long_grid, marbit_many_paths, centaur_isle
D:11:     layout_irregular_city, lair_entry_dummy, ebering_ghost_rock_garden
D:12:     layout_rooms, portal_ice_cave_entry_imps, uniq_snorg
Temple:   bh_familiar_temple
Lair:1:   layout_regular_city
Lair:2:   layout_cave_pods, mainiacjoe_shoals_entry_four_pools,
          minmay_snake_entry_spellcaster, nicolae_volcano_entry_s_turn,
          grunt_megastairs_1, uniq_amaemon, uniq_gastronok
Lair:3:   layout_gridlike
Lair:4:   layout_cave_shapes, slime_entry_1, serial_forest,
          infiniplex_forest_split, infiniplex_forest_clump_tiny,
          infiniplex_forest_clump_diagonal, infiniplex_forest_end_3,
          infiniplex_forest_clump_double, infiniplex_forest_lined_3_way,
          infiniplex_forest_zigzag_1, infiniplex_forest_lined_room_
Lair:5:   hangedman_lair_in_review, layout_regular_city

Skill      XL: |  1  2  3  4  5  6  7  8  9 10 11 12 13 |
---------------+----------------------------------------+-----
Fighting       | 2 3 4 5 6 7 8 |  8.1
Long Blades    | 2 3 |  3.1
Short Blades   | 1 2 3 4 |  4.4
Dodging        | 2 3 4 |  4.7
Stealth        | 1 2 3 |  3.5
Fire Magic     | 1 2 4 5 6 7 |  7.8
Spellcasting   | 3 4 6 8 10 11 13 | 13.8
Necromancy     | 1 2 3 |  3.7
Conjurations   | 1 3 4 |  4.3
Throwing       | 1 2 |  2.6
Air Magic      | 2 3 4 5 6 |  6.2
Alchemy        | 1 3 4 |  4.5
Armour         | 1 2 3 |  3.6
Translocations | |  3.8
Evocations     | |  0.1

Action                     |  1- 3 |  4- 6 |  7- 9 | 10-12 | 13-15 || total
---------------------------+-------+-------+-------+-------+-------++-------
  Melee: Dagger            |   140 |   183 |   209 |   452 |   308 ||  1292
         Falchion          |     7 |       |       |       |       ||     7
         Bite              |    32 |    50 |    87 |   194 |   165 ||   528
         Punch             |       |       |     7 |    14 |     7 ||    28
         Scimitar          |       |       |    68 |    30 |       ||    98
  Throw: Dart              |       |     1 |    18 |    31 |       ||    50
         Boomerang         |       |       |       |    12 |     5 ||    17
         Javelin           |       |       |       |     2 |       ||     2
   Cast: Scorch            |       |     3 |   123 |   212 |    42 ||   380
         Blink             |       |       |     9 |       |       ||     9
         Fugue of the Fall |       |       |       |     9 |     3 ||    12
         Airstrike         |       |       |       |    11 |     2 ||    13
         Iskenderun's Myst |       |       |       |     9 |       ||     9
         Olgreb's Toxic Ra |       |       |       |    25 |    18 ||    43
  Evoke: Wand              |       |       |     3 |     4 |       ||     7
    Use: Scroll            |       |       |     4 |    18 |     4 ||    26
         Potion            |       |       |       |     4 |     2 ||     6
   Stab: Distracted        |       |     1 |       |       |       ||     1
         Sleeping          |       |     2 |     3 |     3 |       ||     8
 Armour: Leather armour    |    70 |    31 |       |   179 |   288 ||   568
         Robe              |       |    55 |   221 |   341 |       ||   617
  Dodge: Dodged            |    81 |   114 |   256 |   486 |   219 ||  1156
